Map: King's Cove LE

Players

MikeOxLong - Winner!

  • Race: Protoss Protoss
  • League: Master
  • Spawn Location: 5:00

Mez

  • Race: Terran Terran
  • League: Master
  • Spawn Location: 11:00

VOD

Have the link to the VOD?

Description

Time

  • Played on: Aug. 19, 2019, 11:25 a.m.
  • Length: 27:21
Show
View Real Time Build Order
Export as new Build Order

MikeOxLong Protoss - Winner!

Build Orders: 1 Gate Expand, Blink Stalkers, Chargelot Immortal 

Get SALT Encoding   

  12  0:00  Probe  
  13  0:12  Probe  
  14  0:18  Pylon  
  14  0:24  Probe  
  15  0:32  Probe  
  15  0:39  Gateway  
  15  0:40  Probe  
  16  0:49  Assimilator  
  17  0:51  Probe  
  18  1:03  Probe  
  19  1:15  Probe  
  20  1:27  Cybernetics Core  
  20  1:39  Probe  
  21  1:41  Nexus  
  21  1:47  Assimilator  
  21  1:52  Probe  
  22  1:57  Pylon  
  22  2:04  Probe  
  22  2:05  Adept  
  23  2:10  Warp Gate  
  24  2:17  Probe  
  25  2:28  Stalker  
  25  2:29  Probe  
  28  2:43  Twilight Council  
  28  2:46  Probe  
  29  2:55  Probe  
  29  2:58  Probe  
  31  3:05  Probe  
  31  3:07  Probe  
  33  3:14  Probe  
  33  3:15  Probe  
  35  3:20  Blink  
  35  3:22  Probe  
  35  3:24  Probe  
  35  3:26  Pylon  
  37  3:34  Gateway  
  37  3:36  Gateway  
  37  3:37  Probe  
  37  3:39  Probe  
  39  3:49  Probe  
  39  3:51  Probe  
  41  4:01  Stalker, Probe  
  44  4:03  Probe  
  45  4:17  Nexus  
  45  4:18  Pylon  
  45  4:20  Probe x2  
  47  4:28  Stalker  
  47  4:29  Pylon  
  49  4:32  Probe x2  
  49  4:37  Robotics Facility  
  49  4:38  Stalker  
  53  4:42  Stalker  
  53  4:44  Probe  
  56  4:47  Probe  
  57  4:57  Probe  
  57  4:59  Probe  
  59  5:02  Stalker x2  
  63  5:09  Probe  
  63  5:11  Probe  
  63  5:14  Warp Prism  
  65  5:16  Gateway  
  65  5:18  Gateway  
  65  5:19  Gateway  
  65  5:27  Stalker  
  69  5:31  Stalker  
  69  5:34  Probe  
  69  5:35  Probe x2  
  74  5:39  Charge  
  74  5:47  Probe x2  
  76  5:54  Forge  
  76  5:55  Forge  
  76  5:56  Protoss Ground Weapons Level 1  
  74  6:00  Immortal  
  74  6:03  Probe x3, Assimilator  
  81  6:15  Probe x3  
  82  6:25  Assimilator x2  
  82  6:27  Protoss Ground Armor Level 1  
  82  6:29  Templar Archives  
  82  6:32  Pylon  
  82  6:33  Probe  
  82  6:34  Probe x2, Assimilator, Pylon  
  85  6:42  Immortal  
  85  6:50  Probe x3  
  92  6:54  Pylon  
  92  6:56  Pylon  
  92  6:58  Pylon  
  92  7:08  Zealot x4  
  100  7:14  Probe x3  
  103  7:15  Psionic Storm  
  103  7:19  Immortal  
  107  7:28  Nexus  
  107  7:29  Pylon  
  107  7:32  High Templar x2  
  111  7:40  Zealot x4  
  111  7:41  Pylon  
  111  7:42  Pylon  
  111  7:43  Pylon  
  119  7:47  Photon Cannon  
  119  7:48  Photon Cannon  
  119  7:49  Immortal, Probe x3  
  122  8:03  High Templar x3  
  122  8:04  Zealot  
  122  8:05  Zealot  
  136  8:10  Probe x3  
  137  8:26  Zealot x3  
  143  8:28  Immortal  
  147  8:45  Zealot x3  
  147  8:48  Protoss Ground Weapons Level 2, Protoss Ground Armor Level 2  
  149  8:55  Zealot x3  
  153  9:02  Probe x2  
  155  9:03  Photon Cannon  
  155  9:04  Photon Cannon  
  155  9:05  Shield Battery  
  155  9:06  Shield Battery  
  155  9:07  Gateway  
  155  9:09  Gateway  
  155  9:11  High Templar x3, Gateway  
  160  9:31  Probe x2  
  160  9:34  Pylon  
  160  9:35  Zealot x3  
  166  9:47  Robotics Facility  
  166  9:51  Robotics Facility  
  163  9:53  Robotics Bay  
  161  10:02  Zealot x6  
  136  10:28  Zealot x9  
  154  10:44  Pylon  
  154  10:47  Nexus  
  154  10:48  Pylon  
  96  11:16  Stalker x9  
  106  11:19  Probe x3  
  107  11:27  Extended Thermal Lance  
  107  11:30  Colossus x2  
  107  11:31  Probe x2, Colossus  
  101  11:33  Probe  
  120  11:41  Zealot x5  
  120  11:42  Sentry  
  120  11:43  Sentry, Probe x2  
  120  11:46  Probe  
  137  11:55  Probe  
  137  11:56  Probe  
  137  11:58  Probe  
  140  12:03  Zealot  
  140  12:04  Zealot x3  
  140  12:05  Sentry x2  
  152  12:09  Assimilator  
  152  12:14  Probe x3  
  155  12:17  Probe  
  155  12:20  Zealot x3  
  162  12:26  Probe  
  162  12:28  Assimilator  
  163  12:31  Photon Cannon  
  163  12:32  Photon Cannon  
  163  12:35  Photon Cannon  
  163  12:38  Colossus x2  
  163  12:48  Colossus  
  163  12:50  Protoss Ground Weapons Level 3  
  181  13:16  Dark Shrine  
  175  13:28  Nexus  
  175  13:30  Pylon  
  175  13:32  Pylon  
  145  13:35  Assimilator  
  145  13:41  Assimilator  
  119  13:42  High Templar x3  
  119  13:43  High Templar, Zealot x5  
  119  13:48  Archon x2  
  133  13:51  Warp Prism x2  
  135  14:14  Sentry x2  
  135  14:15  Sentry  
  135  14:16  Zealot x6  
  153  14:22  Photon Cannon  
  153  14:24  Photon Cannon  
  153  14:25  Photon Cannon  
  153  14:28  Photon Cannon  
  153  14:29  Probe x3  
  156  14:31  Shield Battery  
  156  14:38  Dark Templar x5  
  166  14:54  Shadow Stride  
  162  15:13  Dark Templar x3  
  166  15:17  Stalker x6  
  163  15:41  Stalker x4  
  163  15:42  Stalker x2  
  173  15:45  Protoss Ground Armor Level 3  
  171  15:51  Pylon  
  171  15:57  Protoss Shields Level 1  
  171  16:03  Stargate  
  171  16:05  Stargate  
  171  16:07  Stargate  
  171  16:11  Zealot x7  
  185  16:32  Observer x2  
  188  16:33  Observer  
  184  16:44  Dark Templar x3  
  184  16:45  Zealot x5  
  188  17:07  Dark Templar x3  
  188  17:08  Dark Templar x2  
  198  17:09  Dark Templar  
  196  17:17  Observer  
  196  17:21  Observer  
  194  17:25  Fleet Beacon  
  194  17:28  Photon Cannon x2  
  194  17:34  Probe x3  
  194  17:35  Probe x2  
  199  17:43  Nexus  
  198  17:44  Pylon  
  198  17:47  Pylon  
  193  18:50  Stargate  
  193  18:52  Stargate  
  193  18:53  Stargate  
  193  18:54  Protoss Shields Level 2  
  193  19:05  Assimilator  
  193  19:10  Assimilator  
  193  19:11  Dark Templar x3  
  187  19:41  Carrier  
  187  19:42  Carrier x2  
  187  19:44  Carrier  
  195  20:18  Carrier  
  127  20:28  Carrier  
  127  20:30  High Templar  
  127  20:31  High Templar x3  
  127  20:32  High Templar x2  
  127  20:33  Zealot x3  
  131  20:36  Carrier  
  131  20:41  Carrier, Gateway  
  123  20:44  Gateway  
  123  20:46  Carrier x2, Gateway  
  123  20:47  Gateway  
  147  20:50  Gateway  
  147  21:02  Mothership  
  147  21:07  Nexus  
  147  21:09  Probe x4  
  147  21:10  Probe, Pylon  
  152  21:16  Probe  
  153  21:20  High Templar x5  
  153  21:23  Carrier  
  153  21:25  Archon x2  
  169  21:27  Archon  
  177  21:42  Protoss Air Weapons Level 1  
  177  21:50  Zealot x7  
  191  21:57  High Templar x2  
  195  22:10  Photon Cannon x2  
  195  22:12  Photon Cannon  
  195  22:29  Protoss Shields Level 3  
  191  22:41  Cybernetics Core  
  183  22:48  Stalker  
  183  22:49  Stalker x8  
  199  22:54  Probe, Assimilator  
  200  22:58  Assimilator  
  164  24:18  Tempest x4  
  164  24:19  Tempest x2  
  174  24:37  Observer  
  154  24:43  Stalker x6  
  154  24:44  Stalker x6  
  154  24:45  Zealot x2, Observer  
  176  24:50  Probe x3  
  176  24:51  Probe  
  180  24:56  Tempest x2  
  180  24:57  Tempest x2  
  200  25:19  Photon Cannon  
  200  25:21  Pylon  
  200  25:32  Nexus  
  200  25:34  Pylon  
  189  25:58  Probe x2  
  189  25:59  Probe x2  
Show
View Real Time Build Order
Export as new Build Order

Mez Terran 

Build Orders: Reaper Expand 

Get SALT Encoding   

  12  0:01  SCV  
  13  0:13  SCV  
  14  0:18  Supply Depot  
  14  0:25  SCV  
  15  0:40  SCV, Barracks  
  16  0:45  Refinery  
  16  0:52  SCV  
  17  1:04  SCV  
  18  1:16  SCV  
  19  1:29  Orbital Command  
  19  1:30  Reaper  
  20  1:45  Command Center  
  20  1:55  SCV  
  21  2:04  Marine  
  21  2:06  Bunker  
  22  2:10  SCV  
  23  2:22  Supply Depot  
  23  2:24  Barracks Reactor  
  23  2:42  Command Center  
  23  2:44  SCV  
  23  2:45  Factory  
  24  2:56  SCV  
  25  3:04  Marine x2  
  27  3:05  Orbital Command  
  27  3:10  Refinery  
  27  3:13  SCV  
  28  3:25  SCV, Marine x2  
  31  3:30  Widow Mine  
  31  3:32  Starport  
  33  3:34  SCV  
  33  3:39  SCV  
  35  3:46  SCV  
  36  3:54  Marine x2  
  38  3:57  Orbital Command  
  38  3:58  Widow Mine  
  40  4:03  SCV x2  
  42  4:10  Starport Tech Lab, Supply Depot  
  42  4:14  Marine x2  
  42  4:15  SCV x2  
  46  4:23  Factory Tech Lab  
  47  4:24  SCV  
  47  4:27  SCV x2  
  47  4:28  Refinery  
  47  4:29  Raven  
  51  4:34  Marine x2  
  51  4:36  SCV  
  54  4:39  SCV  
  54  4:43  Supply Depot  
  55  4:45  SCV  
  55  4:48  Siege Tank, SCV  
  60  4:53  SCV  
  60  4:55  Marine  
  60  4:56  Marine, Supply Depot  
  60  4:58  SCV  
  64  5:00  Barracks  
  64  5:06  SCV x2  
  65  5:13  Barracks  
  65  5:15  SCV  
  65  5:18  SCV  
  65  5:19  Orbital Command  
  67  5:23  Supply Depot  
  67  5:24  Siege Tank, Marine x2  
  67  5:27  SCV  
  73  5:42  Marine x2  
  73  5:45  SCV x3  
  73  5:48  Engineering Bay  
  73  5:49  Engineering Bay, Supply Depot  
  78  5:54  Barracks  
  78  5:55  Barracks  
  78  5:56  Starport Reactor  
  77  5:57  SCV x3  
  77  5:59  Refinery  
  77  6:00  Supply Depot  
  77  6:03  Marine  
  77  6:04  Marine  
  81  6:09  SCV x2  
  81  6:10  Stimpack  
  85  6:11  Marauder  
  85  6:13  SCV  
  85  6:14  Factory Reactor  
  84  6:19  Supply Depot  
  84  6:20  Supply Depot  
  84  6:21  SCV x2  
  84  6:23  Marauder  
  84  6:25  SCV  
  89  6:29  Terran Infantry Armor Level 1, Terran Infantry Weapons Level 1  
  89  6:33  SCV  
  89  6:36  Marine x2  
  89  6:37  Marauder  
  94  6:47  Supply Depot  
  94  6:48  Supply Depot  
  94  6:49  SCV x2  
  94  6:54  Barracks Reactor, Missile Turret, Marauder, Barracks Tech Lab  
  98  6:56  Missile Turret  
  98  6:58  Marauder  
  98  7:00  Medivac x2  
  104  7:01  SCV x2  
  104  7:02  SCV  
  107  7:13  SCV  
  107  7:14  SCV  
  109  7:18  SCV  
  109  7:19  Missile Turret  
  109  7:21  Refinery, Marine x2, Marauder  
  109  7:22  Refinery, Marauder x2  
  118  7:23  Widow Mine x2  
  118  7:25  SCV  
  118  7:27  Supply Depot  
  118  7:28  SCV  
  118  7:29  Combat Shield  
  124  7:30  Concussive Shells, SCV, Supply Depot  
  124  7:32  Medivac x2  
  129  7:38  SCV  
  129  7:39  Marine x2  
  129  7:40  SCV  
  129  7:42  SCV  
  134  7:45  Marine x3, Marauder x2  
  141  7:51  Armory  
  141  7:54  Supply Depot  
  141  7:55  Supply Depot  
  141  7:58  Ghost Academy  
  141  7:59  Marine x2  
  141  8:04  Marauder  
  145  8:13  Marine x2, Marauder x2  
  145  8:17  Marine x2  
  153  8:24  Widow Mine x2, Medivac x2  
  153  8:25  Marauder  
  163  8:29  Command Center  
  163  8:31  Marine x2  
  165  8:35  Marine x2, Marauder x2  
  165  8:38  Supply Depot  
  165  8:39  Supply Depot  
  169  8:46  Marauder  
  171  8:49  Marine x2  
  162  8:55  Ghost x2  
  162  8:56  Marine  
  162  8:57  Marine  
  162  9:01  Terran Infantry Armor Level 2, Terran Infantry Weapons Level 2  
  168  9:06  Marine  
  168  9:07  Barracks  
  168  9:08  Barracks  
  168  9:09  Barracks  
  169  9:12  Widow Mine x2  
  173  9:27  Marine x3, Marauder  
  173  9:28  Marauder x2  
  180  9:36  Marine  
  181  9:38  Medivac x2  
  181  9:41  Starport  
  181  9:42  Terran Ship Weapons Level 1  
  181  9:45  Marine  
  186  9:49  Marauder x2  
  190  9:56  Liberator  
  190  9:57  Liberator  
  186  10:03  Barracks Reactor, Marauder  
  186  10:04  Marine x2, Barracks Tech Lab x2  
  190  10:10  Marauder x2  
  158  10:22  Liberator  
  143  10:38  Marine x4, Marauder x3  
  143  10:39  Marine x2  
  162  10:42  Widow Mine  
  162  10:43  Widow Mine  
  135  10:59  Marine x2, Marauder x2  
  135  11:08  Marine x7  
  135  11:11  Widow Mine x2  
  128  11:17  Marine x2  
  128  11:18  Command Center  
  128  11:20  Marine  
  128  11:21  Marauder, Liberator x2  
  127  11:27  Supply Depot  
  127  11:28  Supply Depot  
  127  11:30  Marine x3, Marauder x3  
  129  11:35  Marine x3  
  129  11:39  Marauder, Starport Tech Lab  
  140  11:42  Marauder  
  142  11:48  Marine  
  142  11:51  Marauder  
  145  11:54  Supply Depot  
  145  11:55  Supply Depot  
  145  11:58  Ghost x2, Marine x2  
  145  11:59  Ghost, Marine x3  
  145  12:00  Supply Depot  
  156  12:03  Marine  
  157  12:13  Terran Infantry Weapons Level 3  
  157  12:15  Terran Infantry Armor Level 3  
  157  12:39  Liberator  
  157  12:40  Ghost x2, Marauder  
  157  12:41  Marine x4, Marauder x2  
  171  12:51  Personal Cloaking  
  171  13:18  Planetary Fortress  
  168  13:27  Liberator x2  
  145  13:35  Marine x3, Marauder, Liberator  
  145  13:36  Marine, Marauder x2  
  147  13:43  Marine x2, Marauder  
  147  13:44  Marauder  
  147  13:47  SCV x3  
  162  13:53  Marine  
  161  13:57  Marauder  
  161  13:59  SCV x3  
  159  14:08  SCV  
  160  14:11  SCV x3  
  163  14:20  SCV  
  163  14:23  SCV  
  163  14:24  SCV x2  
  167  14:27  Marine x2, Marauder x2  
  167  14:28  Marine x4, Marauder x3  
  167  14:30  Viking x2  
  187  14:35  Viking  
  188  14:45  Marine  
  174  15:03  Marine, Marauder x3  
  174  15:06  Missile Turret  
  175  15:09  Missile Turret, Refinery  
  175  15:10  Missile Turret  
  169  15:15  SCV  
  169  15:16  SCV x3  
  173  15:28  SCV x2  
  172  15:36  SCV x2  
  172  15:37  Sensor Tower, Refinery  
  172  15:40  SCV x2  
  173  15:43  Ghost x3  
  173  15:45  Viking x3  
  173  15:48  SCV  
  173  15:49  SCV  
  187  15:52  SCV x2  
  186  16:00  Missile Turret, SCV  
  186  16:01  Command Center  
  187  16:06  Fusion Core  
  187  16:07  Hi-Sec Auto Tracking, Neosteel Armor  
  187  16:15  Viking x3  
  193  16:45  Viking  
  195  16:49  Viking  
  195  16:53  Viking, Supply Depot  
  193  17:15  Viking  
  194  17:20  SCV x4  
  198  17:28  Starport x2  
  198  17:37  Missile Turret  
  198  17:38  Missile Turret, Liberator  
  198  17:40  Missile Turret  
  197  18:07  Factory Reactor  
  197  18:08  Factory  
  197  18:11  Starport Tech Lab x2  
  197  18:14  Planetary Fortress  
  197  18:23  Refinery  
  197  18:27  Refinery  
  196  18:38  Advanced Ballistics  
  196  18:43  Sensor Tower  
  196  18:47  Missile Turret  
  196  18:49  Missile Turret  
  196  18:54  Missile Turret, Factory Tech Lab, Factory Reactor  
  196  18:55  Missile Turret  
  196  19:04  Starport  
  196  19:07  Starport  
  196  19:10  Starport  
  176  19:44  Command Center  
  160  19:47  Command Center x2  
  160  20:11  Orbital Command  
  160  20:15  Marine  
  100  20:31  Marine x5, Marauder x4  
  100  20:34  Widow Mine  
  100  20:35  Widow Mine x2  
  103  20:37  Battlecruiser x2  
  103  20:38  Battlecruiser  
  103  20:42  SCV x2  
  121  20:47  SCV  
  122  20:52  Marauder  
  124  21:02  Missile Turret  
  124  21:03  Missile Turret  
  124  21:05  Orbital Command  
  124  21:23  Sensor Tower  
  124  21:24  Refinery x2  
  124  21:42  Battlecruiser  
  124  21:45  Ghost  
  124  21:46  Ghost  
  134  21:54  Planetary Fortress  
  134  22:00  SCV x3  
  134  22:01  SCV x2  
  139  22:11  Missile Turret  
  139  22:13  Missile Turret  
  139  22:15  Missile Turret  
  136  22:30  Starport Tech Lab  
  136  22:31  Battlecruiser x2  
  148  22:43  Starport Tech Lab  
  147  22:56  Ghost x3  
  147  22:58  Marine x3  
  153  23:03  Missile Turret  
  153  23:04  Missile Turret  
  156  23:07  Missile Turret  
  148  23:37  Battlecruiser x3  
  164  24:00  Viking x4  
  164  24:01  Marine  
  164  24:02  Refinery  
  150  24:30  Viking x2, Battlecruiser  
  142  24:40  Ghost x2  
  142  24:41  Marine  
  147  24:53  Orbital Command  
  147  25:03  Command Center  
  147  25:10  Missile Turret  
  147  25:11  Missile Turret  
  147  25:13  Missile Turret  
  147  25:14  Missile Turret  
  147  25:22  SCV x2  
  149  25:41  Refinery  
  149  26:07  Viking x2  
  149  26:08  SCV x2  
  149  26:14  SCV  
  150  26:20  SCV x2  
  150  26:21  Viking  
  150  26:22  Viking x2  
  157  26:33  Viking  
  157  26:34  Viking  
Tags
 
Add a new tag
Caveats
  • Supply blocks, unpowered buildings, or Contaminate may cause inaccurate times.
  • Supply counts are checked every 10 seconds.